 Dungeon Crawl Stone Soup version 0.31-a0-744-gbc345e7fcb (webtiles) character file.

Game seed: 10858289579815232300

100 CowFu the Charlatan (level 4, 0/34 HPs)
             Began as a Gnoll Artificer on Sept 13, 2023.
             Was a Follower of Nemelex Xobeh.
             Slain by a sleepcap (9 damage)
             ... on level 3 of the Dungeon.
             The game lasted 00:02:34 (1739 turns).

CowFu the Charlatan (Gnoll Artificer)               Turns: 1739, Time: 00:02:35

Health: 0/34       AC:  4    Str: 14    XL:     4   Next: 73%
Magic:  5/5        EV:  2    Int: 10    God:    Nemelex Xobeh [*.....]
Gold:   142        SH:  0    Dex: 12    Spells: 5/5 levels left

rFire   . . .        s - +0 rapier
rCold   . . .        (no shield)
rNeg    . . .        b - +0 leather armour
rPois   .            (no helmet)
rElec   .            i - +0 cloak
rCorr   .            (no gloves)
SInv    .            (no boots)
Will    .....        (no amulet)
Stlth   ++           (no ring)
HPRegen 0.25/turn    (no ring)
MPRegen 0.09/turn

%: no passive effects
@: sleeping
A: fangs 1, strong nose, distributed training
a: Renounce Religion, Draw Escape, Draw Destruction, Draw Summoning


You were on level 3 of the Dungeon.
You worshipped Nemelex Xobeh.
Nemelex Xobeh was aware of your devotion.
You visited 1 branch of the dungeon, and saw 3 of its levels.

You collected 142 gold pieces.

Inventory:

Hand Weapons
 a - a +0 club
 s - a +0 rapier (weapon)
Armour
 b - a +0 leather armour (worn)
 i - a +0 cloak (worn)
Jewellery
 e - a ring of protection from fire
Wands
 d - a wand of charming (15)
Scrolls
 c - a scroll of teleportation {unknown}
 h - 4 scrolls of identify {unknown}
 k - a scroll of torment {unknown}
 m - a scroll of revelation {unknown}
 n - a scroll of noise {unknown}
 o - 2 scrolls of fog {unknown}
 r - a scroll of immolation {unknown}
Potions
 f - 2 potions of mutation {unknown}
 g - a potion of resistance {unknown}
 j - a potion of ambrosia {unknown}
 l - a potion of brilliance {unknown}
 p - a potion of curing {unknown}
 q - a potion of haste {unknown}


   Skills:
 + Level 2.8 Fighting
 + Level 1.2 Short Blades
 + Level 1.2 Long Blades
 + Level 1.2 Axes
 + Level 1.2 Maces & Flails
 + Level 1.2 Polearms
 + Level 1.2 Staves
 + Level 1.2 Ranged Weapons
 + Level 1.2 Throwing
 + Level 4.7 Armour
 + Level 2.8 Dodging
 + Level 2.6 Stealth
 + Level 1.2 Shields
 + Level 1.2 Unarmed Combat
 + Level 1.2 Spellcasting
 + Level 1.0 Conjurations
 + Level 1.0 Hexes
 + Level 1.0 Summonings
 + Level 1.0 Necromancy
 + Level 1.0 Translocations
 + Level 1.0 Transmutations
 + Level 1.0 Fire Magic
 + Level 1.0 Ice Magic
 + Level 1.0 Air Magic
 + Level 1.0 Earth Magic
 + Level 1.0 Poison Magic
 + Level 1.4 Invocations
 + Level 6.6 Evocations
 + Level 1.1 Shapeshifting


You had 5 spell levels left.
You didn't know any spells.
Your spell library was empty.

Dungeon Overview and Level Annotations

Branches:
Dungeon (3/15)

Altars:
Nemelex Xobeh


Innate Abilities, Weirdness & Mutations

You have very sharp teeth.
Your uncanny sense of smell can sniff out nearby items.
Your experience applies equally to all skills.


Message History

The sleepcap releases spores at you.
You are engulfed in a cloud of soporific spores!
You fall asleep.
The sleepcap releases spores at you.
You wake up.
You are engulfed in a cloud of soporific spores!
You are unaffected.
You puncture the sleepcap! You punch the sleepcap.
You bite the sleepcap, but do no damage.
The sleepcap is heavily damaged.
The sleepcap closely misses you. The sleepcap misses you.
Unknown command.
You hit the sleepcap but do no damage.
You bite the sleepcap, but do no damage.
The sleepcap is heavily damaged.
The sleepcap releases spores at you.
Unknown command.
You hit the sleepcap but do no damage.
The sleepcap is heavily damaged.
The sleepcap releases spores at you.
* * * LOW HITPOINT WARNING * * *
You are engulfed in a cloud of soporific spores!
You are unaffected.
Unknown command.
You hit the sleepcap but do no damage.
You bite the sleepcap, but do no damage.
The sleepcap is heavily damaged.
The sleepcap closely misses you.
Unknown command.
You hit the sleepcap but do no damage.
You bite the sleepcap, but do no damage.
The sleepcap is heavily damaged.
The sleepcap releases spores at you.
* * * LOW HITPOINT WARNING * * *
You are engulfed in a cloud of soporific spores!
You fall asleep.
The sleepcap releases spores at you but does no damage.
The sleepcap barely misses you. The sleepcap releases spores at you!
You die...
Your body glows slightly and disappears.

.................#
#.....###........#
...
####.............#
∆...
...####........#
.... #####
#........# .....
#........##.....
#........#.....
#......f...#
########@..#
#...(.# #...##..#
.....# ....
....... ...
###..... .. ......
. ........


You could see a sleepcap.

Vanquished Creatures
  5 adders
  2 worms (D:2)
  2 dart slugs
  An orc (D:3)
  An endoplasm (D:2)
  2 giant cockroaches (D:3)
  3 goblins
  2 hobgoblins (D:1)
  2 jackals (D:1)
  4 kobolds
  4 quokkas
  5 ball pythons
  6 bats
  2 frilled lizards (D:2)
  5 rats
46 creatures vanquished.

Notes
Turn   | Place    | Note
-------+----------+-------------------------------------------
     0 | D:1      | CowFu the Gnoll Artificer began the quest for the Orb.
     0 | D:1      | Reached XP level 1. HP: 17/17 MP: 1/1
   175 | D:1      | Reached XP level 2. HP: 15/23 MP: 2/2
   327 | D:1      | Found a faded altar of an unknown god.
   334 | D:1      | Prayed at the altar of an unknown god.
   334 | D:1      | Became a worshipper of Nemelex Xobeh the Trickster
   334 | D:1      | Reached * piety under Nemelex Xobeh
   354 | D:1      | Received a gift from Nemelex Xobeh
   857 | D:2      | Reached XP level 3. HP: 4/28 MP: 3/3
  1099 | D:2      | Reached skill level 1 in Invocations
  1270 | D:2      | Reached skill level 1 in Short Blades
  1270 | D:2      | Reached skill level 1 in Long Blades
  1270 | D:2      | Reached skill level 1 in Axes
  1270 | D:2      | Reached skill level 1 in Maces & Flails
  1270 | D:2      | Reached skill level 1 in Polearms
  1270 | D:2      | Reached skill level 1 in Staves
  1270 | D:2      | Reached skill level 1 in Ranged Weapons
  1270 | D:2      | Reached skill level 1 in Throwing
  1270 | D:2      | Reached skill level 1 in Shields
  1270 | D:2      | Reached skill level 1 in Unarmed Combat
  1270 | D:2      | Reached skill level 1 in Spellcasting
  1421 | D:2      | Reached XP level 4. HP: 34/34 MP: 5/5
  1539 | D:2      | Reached skill level 1 in Shapeshifting
  1683 | D:3      | Reached skill level 1 in Conjurations
  1683 | D:3      | Reached skill level 1 in Hexes
  1683 | D:3      | Reached skill level 1 in Summonings
  1683 | D:3      | Reached skill level 1 in Necromancy
  1683 | D:3      | Reached skill level 1 in Translocations
  1683 | D:3      | Reached skill level 1 in Transmutations
  1683 | D:3      | Reached skill level 1 in Fire Magic
  1683 | D:3      | Reached skill level 1 in Ice Magic
  1683 | D:3      | Reached skill level 1 in Air Magic
  1683 | D:3      | Reached skill level 1 in Earth Magic
  1683 | D:3      | Reached skill level 1 in Poison Magic
  1739 | D:3      | Slain by a sleepcap

Illustrated notes

Levels and vault maps discovered:
D:1:      beargit_arrival_greenhouse, layout_basic,
          hellmonk_ecumenical_altar_lost_god
D:2:      layout_loops_cross, kennysheep_potato
D:3:      layout_rooms

Skill      XL: |  1  2  3  4 |
---------------+-------------+-----
Invocations    | 1 |  1.4
Short Blades   | 1 |  1.2
Long Blades    | 1 |  1.2
Axes           | 1 |  1.2
Maces & Flails | 1 |  1.2
Polearms       | 1 |  1.2
Staves         | 1 |  1.2
Ranged Weapons | 1 |  1.2
Throwing       | 1 |  1.2
Shields        | 1 |  1.2
Unarmed Combat | 1 |  1.2
Spellcasting   | 1 |  1.2
Shapeshifting  | 1 |  1.1
Conjurations   | 1 |  1.0
Hexes          | 1 |  1.0
Summonings     | 1 |  1.0
Necromancy     | 1 |  1.0
Translocations | 1 |  1.0
Transmutations | 1 |  1.0
Fire Magic     | 1 |  1.0
Ice Magic      | 1 |  1.0
Air Magic      | 1 |  1.0
Earth Magic    | 1 |  1.0
Poison Magic   | 1 |  1.0
Fighting       | |  2.8
Armour         | |  4.7
Dodging        | |  2.8
Stealth        | |  2.6
Evocations     | |  6.6

Action                     |  1- 3 |  4- 6 || total
---------------------------+-------+-------++-------
  Melee: Club              |   109 |    14 ||   123
         Bite              |     9 |    12 ||    21
         Rapier            |       |    26 ||    26
         Punch             |       |     2 ||     2
  Evoke: Wand              |    15 |     5 ||    20
   Stab: Sleeping          |     2 |       ||     2
 Armour: Leather armour    |    65 |    24 ||    89
  Dodge: Dodged            |   102 |    51 ||   153

Table legend: (Time is in decaauts)
 A = Elapsed time spent in this place.
 B = Non-inter-level travel time spent in this place.
 C = Inter-level travel time spent in this place.
 D = Time resting spent in this place.
 E = Time spent auto-exploring this place.
 F = Levels seen in this place.
 G = Mean time per level.
                   A        B        C        D        E       F      G
               +--------+--------+--------+--------+--------+-----+--------+
         Total |   1776 |   1686 |     90 |      0 |   1274 |   3 |  592.0 |
       Dungeon |   1776 |   1686 |     90 |      0 |   1274 |   3 |  592.0 |
               +--------+--------+--------+--------+--------+-----+--------+

Top non-repeatable levels by time:
     D:1: 858 daAuts
     D:2: 850 daAuts
     D:3: 67 daAuts
